 Dungeon Crawl Stone Soup version 0.28.0-47-ge53b351184 (webtiles) character file.

Game seed: 4338145315791329068

144 101zpm the Magician (level 5, -3/35 HPs)
             Began as a Djinni Fire Elementalist on May 5, 2022.
             Slain by a gnoll
             ... wielding a +2 flail of protection
              (13 damage)
             ... on level 3 of the Dungeon.
             The game lasted 00:04:29 (4337 turns).

101zpm the Magician (Djinni Fire Elementalist)      Turns: 4337, Time: 00:04:30

Health: -3/35      AC:  2    Str: 13    XL:     5   Next: 51%
Gold:   77         EV:  6    Int: 19    God:
                   SH:  0    Dex: 13

rFire   + + .      SeeInvis .   (no weapon)
rCold   x . .      Faith    .   (no shield)
rNeg    . . .      Spirit   .   a - +0 robe
rPois   ∞          Reflect  .   (no helmet)
rElec   .          Harm     .   (no cloak)
rCorr   .          Rampage  .   (no gloves)
Will    .....                   (boots unavailable)
Stlth   ++........              (no amulet)
HPRegen 0.11/turn               b - +6 ring of strength
MPRegen 0.00/turn               (no ring)

@: flying, very slightly contaminated, held
A: sickness immunity, fire resistance 2, cold vulnerability 1, float, innate
caster, HP casting, extra vitality 1
a: no special abilities


You were on level 3 of the Dungeon.
You visited 1 branch of the dungeon, and saw 3 of its levels.

You collected 77 gold pieces.

Inventory:

Armour
 a - a +0 robe (worn)
Jewellery
 b - a +6 ring of strength (left hand)
Scrolls
 c - 2 scrolls of enchant armour {unknown}
 d - 4 scrolls of teleportation {unknown}
 g - a scroll of fear {unknown}
 h - a scroll of identify {unknown}
 j - a scroll of vulnerability {unknown}
Potions
 e - a potion of ambrosia {unknown}
 f - a potion of might {unknown}
 i - a potion of heal wounds {unknown}


   Skills:
 + Level 2.4 Dodging
 + Level 2.0 Stealth
 + Level 4.2 Spellcasting


You couldn't memorise any spells.
You knew the following spells:

 Your Spells              Type           Power      Damage    Failure   Level
a - Foxfire               Conj/Fire      80%        2x1d8     2%          1
b - Scorch                Fire           40%        2d7       3%          2
c - Conjure Flame         Conj/Fire      20%        6-21      7%          3
d - Inner Flame           Hex/Fire       20%        N/A       7%          3
e - Flame Wave            Conj/Fire      20%        2d7       22%         4
f - Slow                  Hex            80%        N/A       2%          1
g - Static Discharge      Conj/Air       20%        N/A       3%          2
Your spell library was empty.

Dungeon Overview and Level Annotations

Branches:
Dungeon (3/15)

Altars:
Vehumet

Shops:
D:1 *


Innate Abilities, Weirdness & Mutations

You are immune to sickness and miasma.
You are immune to poison.
Your flesh is very heat resistant. (rF++)
You are vulnerable to cold. (rC-)
You float through the air rather than walking.
You learn spells naturally, not from books.
Your magical power is your life essence.
You have superior vitality. (+4 MHP)


Message History

You kill the gnoll!
The adder barely misses you.
The foxfire hits the adder.
The adder is severely wounded.
The adder bites you.
The gnoll throws a throwing net.
The throwing net hits you.
You become entangled in the net!
You are too injured to fight recklessly!
You are too injured to fight recklessly!
You are too injured to fight recklessly!
You are too injured to fight recklessly!
Okay, then.
Casting: Foxfire (safe; 2% risk of failure)
Press: ? - help, Q - select action, (/) - cycle Dir - look around, f - activate You conjure some foxfire!
The foxfire hits the adder.
The adder is almost dead.
The adder closely misses you.
Casting: Foxfire (safe; 2% risk of failure)
Confirm with . or Enter, or press ? or * to list all spells.
Flames lash the adder.
You kill the adder!
The foxfire hits the gnoll.
The gnoll is heavily wounded.
The foxfire hits the gnoll but does no damage.
The gnoll is heavily wounded.
The gnoll closely misses you.
Casting: Scorch (safe; 3% risk of failure)
Confirm with . or Enter, or press ? or * to list all spells.
Flames lash the gnoll.
The gnoll is heavily wounded.
The gnoll's fire resistance burns away.
An orc comes into view. It is wielding a +0 short sword.
The gnoll closely misses you.
Casting: Scorch (safe; 3% risk of failure)
Confirm with . or Enter, or press ? or * to list all spells.
You miscast Scorch.
You are very lightly contaminated with residual magic.
Nothing appears to happen.
* * * LOW HITPOINT WARNING * * *
The gnoll hits you with a +2 flail of protection!
You die...

.# ##.# #.....+...##.#
.# #.# #..####...##.##
.# #.. #..# #.......#..
.# ...##..# #.......#.#
# ....#..# ###.###.#.#
.. #.#..# #.#...#.# ....
#.#..######....##.#
.....#†.......).....##.#
.o...)g@.............#.#
....###..#######..†....#
. ##>......'.......#
#########....[..#
#.......# #####'#.#
#.#.# #.#.# #.#.#


You could see a gnoll (combustible) and an orc.

Vanquished Creatures
  A hound skeleton (D:2)
  3 gnolls (D:3)
  5 adders
  3 dart slugs
  An orc (D:3)
  2 endoplasms (D:1)
  A giant cockroach (D:2)
  7 goblins
  3 hobgoblins
  3 jackals (D:2)
  A quokka (D:3)
  7 ball pythons
  3 bats
  4 frilled lizards
  5 kobolds
  5 rats (D:2)
54 creatures vanquished.

Vanquished Creatures (others)
  350 foxfires
350 creatures vanquished.

Grand Total: 404 creatures vanquished

Notes
Turn   | Place    | Note
-------+----------+-------------------------------------------
     0 | D:1      | 101zpm the Djinni Fire Elementalist began the quest for the
                  | Orb.
     0 | D:1      | Reached XP level 1. HP: 15/15 MP: 0/0
   545 | D:1      | Reached XP level 2. HP: 7/21 MP: 0/0
  1495 | D:1      | Found Foxkuor's Assorted Antiques.
  1667 | D:2      | Reached skill level 3 in Spellcasting
  1667 | D:2      | Reached XP level 3. HP: 21/25 MP: 0/0
  1667 | D:2      | Learned a level 1 spell: Slow
  2305 | D:2      | Reached XP level 4. HP: 21/31 MP: 0/0
  3194 | D:2      | Found a faded altar of an unknown god.
  3212 | D:2      | Found a faded altar of an unknown god.
  3690 | D:3      | Reached XP level 5. HP: 29/35 MP: 0/0
  3690 | D:3      | Learned a level 2 spell: Static Discharge
  4330 | D:3      | Reached skill level 4 in Spellcasting
  4337 | D:3      | Slain by a gnoll

Illustrated notes

Levels and vault maps discovered:
D:1:      dpeg_arrival_arbitrary_c, layout_loops_cross, serial_shops,
          nicolae_shop_overgrown_old_shop, minmay_misc_feat_four_crosses
D:2:      layout_basic, hellmonk_ecumenical_altar_the_god_not_taken, basic_altar
D:3:      layout_basic, serial_shops, shop

Skill      XL: |  1  2  3  4  5 |
---------------+----------------+-----
Spellcasting   | 3 4 |  4.2
Stealth        | 2 |  2.0
Dodging        | |  2.4

Action                   |  1- 3 |  4- 6 || total
-------------------------+-------+-------++-------
Melee: Unarmed           |     3 |     1 ||     4
 Cast: Foxfire           |    98 |   124 ||   222
       Scorch            |     3 |     4 ||     7
Armor: Robe              |     3 |       ||     3
Dodge: Dodged            |     5 |     8 ||    13
